 Dungeon Crawl Stone Soup version 0.27.1-33-g824d729ab1 (webtiles) character file.

Game seed: 17875541267701970936

108 ThiefFrogPaladin the Ruffian (level 4, -4/42 (44) HPs)
             Began as a Troll Monk on Dec 10, 2021.
             Was a Priest of Dithmenos.
             Slain by a wyvern (17 damage)
             ... on level 4 of the Dungeon.
             The game lasted 00:28:08 (2301 turns).

ThiefFrogPaladin the Ruffian (Troll Monk)           Turns: 2301, Time: 00:28:08

HP:   -4/42 (44)    AC:  4    Str: 20    XL:     4   Next: 58%
MP:   3/3           EV: 10    Int:  6    God:    Dithmenos [***...]
Gold: 147           SH:  0    Dex: 12    Spells: 3/3 levels left

rFire    . . .     SeeInvis .     - Unarmed
rCold    . . .     Faith    .   (no shield)
rNeg     . . .     Spirit   .   a - +0 robe
rPois    .         Reflect  .   (helmet restricted)
rElec    .         Harm     .   (no cloak)
rCorr    .         Rampage  .   (gloves unavailable)
Will     .....                  (boots unavailable)
Stlth    ++........             (no amulet)
HPRegen  1.14/turn              (no ring)
MPRegen  0.08/turn              (no ring)

@: flying, wreathed by umbra, lightly drained
A: large, unfitting armour, claws 3, regeneration 1, shaggy fur 1, tough skin 1
a: Renounce Religion, Shadow Step


You were on level 4 of the Dungeon.
You worshipped Dithmenos.
Dithmenos was most pleased with you.
You visited 1 branch of the dungeon, and saw 4 of its levels.

You collected 147 gold pieces.

Inventory:

Hand Weapons
 c - a +0 long sword
 d - a +1 spear
 k - a +0 hand axe
Missiles
 j - 94 stones (quivered)
 l - 22 poisoned darts
Armour
 a - a +0 robe (worn)
 e - a +0 chain mail
Scrolls
 b - a scroll of identify {unknown}
 h - 2 scrolls of teleportation {unknown}
Potions
 g - 2 potions of lignification {unknown}
 m - a potion of curing {unknown}


   Skills:
 + Level 2.8 Fighting
 + Level 0.4 Throwing
 + Level 3.0 Dodging
 + Level 1.4 Stealth
 + Level 4.0 Unarmed Combat


You had 3 spell levels left.
You didn't know any spells.
Your spell library was empty.

Dungeon Overview and Level Annotations

Branches:
Dungeon (4/15)
 Temple: D:4-7

Altars:
Dithmenos
Ru


Innate Abilities, Weirdness & Mutations

You are too large for most types of armour.
You have claws for hands.
Your natural rate of healing is unusually fast.
You are covered in fur. (AC +1)
You have tough skin. (AC +1)


Message History

Found a stone staircase leading down.
The orc priest calls upon Beogh to heal the orc wizard.
Something closely misses the orc wizard.
The orc priest casts a cantrip, but nothing happens.
Something barely misses the black bear.
Found a stone staircase leading down.
Found a hunting sling.
Something hits the hound skeleton.
The scorpion closely misses you.
A scorpion comes into view.
The adder hisses angrily.
The howler monkey hoots and howls with incredible vigour!
The adder misses you.
You hear a shout!
A wyvern comes into view.
The wyvern hisses angrily.
The scorpion misses you. The scorpion closely misses you. x2
The black bear bites you. The black bear claws you. x2
The orc wizard gestures wildly while chanting.
The orc wizard flickers and vanishes!
The wyvern closely misses you. The black bear bites you!
The black bear barely misses you. x2; The wyvern bites you.
* * * LOW HITPOINT WARNING * * *
The howler monkey hoots and howls with incredible vigour!
The orc priest miscasts a cantrip.
You hear an angry hiss.
You hear a bark!
You hear a shout! x2
The orc priest mumbles some strange prayers to Beogh against you.
Pain shoots through your body!
* * * LOW HITPOINT WARNING * * *
It was a potion of flight.
You feel very buoyant.
You fly up into the air.
The scorpion barely misses you. The scorpion closely misses you.
The howler monkey hoots and howls with incredible vigour!
You hear an angry hiss.
You hear a shout!
The wyvern hisses menacingly.
The orc priest miscasts a cantrip.
You see here a +0 hunting sling.
The wyvern bites you!
You die...

....##...#
...o##...###########
####...............#
#$......#.#.#.#.#
#...............##
#...?.h.#.#.#.#..
#......#...>...#
##...<.[#h#s#.##
#.......o.sl@.#
#.>....#S#h#.##
##......#####
########


You could see a black bear, a wyvern, 2 scorpions, a howler monkey, an orc
priest and an adder.

Vanquished Creatures
  A hound (D:4)
  A gnoll (D:1)
  3 dart slugs (D:1)
  An orc (D:3)
  6 endoplasms
  5 giant cockroaches
  3 hobgoblins (D:2)
  6 jackals
  2 quokkas
  5 ball pythons
  5 bats
  A frilled lizard (D:3)
  9 goblins
  4 kobolds
  6 rats
58 creatures vanquished.

Notes
Turn   | Place    | Note
-------+----------+-------------------------------------------
     0 | D:1      | ThiefFrogPaladin the Troll Monk began the quest for the
                  | Orb.
     0 | D:1      | Reached XP level 1. HP: 22/22 MP: 0/0
   162 | D:1      | Reached XP level 2. HP: 25/29 MP: 1/1
   320 | D:1      | Reached XP level 3. HP: 36/36 MP: 2/2
   409 | D:1      | Found a faded altar of an unknown god.
   433 | D:1      | Became a worshipper of Dithmenos the Shadowed
   433 | D:1      | Reached * piety under Dithmenos
   433 | D:1      | Reached ** piety under Dithmenos
   688 | D:1      | Reached *** piety under Dithmenos
  1242 | D:2      | Found a sacrificial altar of Ru.
  1353 | D:2      | Reached XP level 4. HP: 44/44 MP: 3/3
  2268 | D:4      | Noticed a scorpion
  2272 | D:4      | Noticed a black bear
  2273 | D:4      | Reached skill level 4 in Unarmed Combat
  2287 | D:4      | Noticed a scorpion
  2290 | D:4      | Noticed a wyvern
  2301 | D:4      | Slain by a wyvern

Illustrated notes

Levels and vault maps discovered:
D:1:      minmay_arrival_checkered_box, layout_loops_ring,
          hellmonk_ecumenical_altar_dog_temple
D:2:      layout_basic, basic_altar
D:3:      layout_loops_ring, minmay_distorted
D:4:      layout_basic, serial_shops, shop, st_stairs_8, roderic_roman_lattice

Skill      XL: |  1  2  3  4 |
---------------+-------------+-----
Dodging        | 3 |  3.0
Unarmed Combat | 4 |  4.0
Fighting       | |  2.8
Throwing       | |  0.4
Stealth        | |  1.4

Action                   |  1- 3 |  4- 6 || total
-------------------------+-------+-------++-------
Melee: Unarmed           |    87 |    24 ||   111
       Punch             |     2 |       ||     2
Throw: Stone             |    21 |    10 ||    31
  Use: Scroll            |       |     1 ||     1
       Potion            |       |     1 ||     1
 Stab: Sleeping          |     8 |     1 ||     9
Armor: Robe              |    25 |     5 ||    30
Dodge: Dodged            |    27 |    22 ||    49
